 Dungeon Crawl Stone Soup version 0.29.1-2-gbd0b4ee654 (webtiles) character file.

Game seed: 17316084124862016242

904 zeram the Cudgeller (level 7, -3/68 HPs)
             Began as a Troll Fighter on Nov 18, 2022.
             Succumbed to a killer bee's poison
             ... on level 5 of the Dungeon.
             The game lasted 00:06:23 (4062 turns).

zeram the Cudgeller (Troll Fighter)                 Turns: 4062, Time: 00:06:23

Health: -3/68      AC:  5    Str: 25    XL:     7   Next: 80%
Magic:  17/17      EV:  9    Int:  6    God:
Gold:   429        SH:  7    Dex:  9    Spells: 10/10 levels left

rFire   . . .      SeeInvis .   A - +2 flail (drain)
rCold   . . .      Faith    .   c - +0 kite shield
rNeg    . . .      Spirit   .   b - +0 robe
rPois   .          Reflect  .   (helmet restricted)
rElec   .          Harm     .   o - +0 cloak {Will+}
rCorr   .          Rampage  .   (gloves unavailable)
Will    +....                   (boots unavailable)
Stlth   +.........              (no amulet)
HPRegen 1.01/turn               h - ring of magical power
MPRegen 0.15/turn               (no ring)

@: mighty, lethally poisoned (-3 -> -21)
A: large, unfitting armour, claws 3, regeneration 1, shaggy fur 1, tough skin 1,
talons 1, low MP 1
a: no special abilities


You were on level 5 of the Dungeon.
You visited 1 branch of the dungeon, and saw 6 of its levels.

You collected 429 gold pieces.

Inventory:

Hand Weapons
 a - a +1 spectral flail
 k - a +1 vorpal spear
 A - a +2 flail of draining (weapon)
Missiles
 u - a throwing net (quivered)
Armour
 b - a +0 robe (worn)
 c - a +0 kite shield (worn)
 o - a +0 cloak of willpower (worn)
 w - a +0 pair of boots
Jewellery
 h - a ring of magical power (left claw)
Wands
 e - a wand of digging (2)
Scrolls
 f - a scroll of acquirement {unknown}
 m - a scroll of fear
 q - a scroll of immolation
 v - a scroll of torment {unknown}
 x - a scroll of magic mapping {unknown}
 y - a scroll of vulnerability {unknown}
 z - 2 scrolls of teleportation
 B - 2 scrolls of amnesia {unknown}
Potions
 d - 3 potions of might
 g - a potion of resistance
 i - a potion of flight
 j - 3 potions of berserk rage
 l - a potion of attraction
 p - a potion of invisibility
 r - a potion of haste
 s - a potion of degeneration
 t - a potion of heal wounds {unknown}


   Skills:
 + Level 3.8 Fighting
 + Level 5.7 Maces & Flails
 + Level 3.9 Dodging
 - Level 2.6 Shields
 * Level 2.3 Spellcasting


You had 10 spell levels left.
You didn't know any spells.
Your spell library was empty.

Dungeon Overview and Level Annotations

Branches:
Dungeon (6/15)
 Temple: D:4-7

Altars:

Shops:
D:2 (

Annotations:
D:6 Dowan, Duvessa


Innate Abilities, Weirdness & Mutations

You are too large for most types of armour.
You have claws for hands.
Your natural rate of healing is unusually fast.
You are covered in fur. (AC +1)
You have tough skin. (AC +1)
You have sharp toenails.
Your magical capacity is low. (-10% MP)


Message History

You feel very mighty all of a sudden.
You feel sick. The killer bee stings you. You block the killer bee's attack.
The killer bee barely misses you. You block the orc's attack.
The killer bee closely misses you.
The killer bee stings you but does no damage.
You block the killer bee's attack.
You miss the killer bee.
You feel sick. The killer bee stings you. x2
You are more poisoned.
The killer bee poisons you!
The killer bee stings you but does no damage.
The orc hits you but does no damage. The killer bee stings you!
You are more poisoned.
The killer bee poisons you! The killer bee barely misses you.
You block the killer bee's attack. The orc barely misses you.
The killer bee stings you!
You are more poisoned.
The killer bee poisons you! The killer bee stings you.
You are more poisoned.
The killer bee poisons you! The killer bee stings you.
You thump the killer bee!
The killer bee is severely wounded.
* * * LOW HITPOINT WARNING * * *
You feel extremely sick. The killer bee completely misses you.
The killer bee closely misses you. The killer bee barely misses you.
The killer bee stings you.
* * * LOW HITPOINT WARNING * * *
The killer bee stings you.
* * * LOW HITPOINT WARNING * * *
You are more poisoned.
The killer bee poisons you! You block the killer bee's attack.
The orc closely misses you.
Okay, then.
As you read the scroll of fear, it crumbles to dust.
You assume a fearsome visage.
The killer bee looks frightened!
The orc looks frightened!
The killer bee looks frightened! x2
* * * LOW HITPOINT WARNING * * *
You feel extremely sick.
It was a potion of mutation.
You feel extremely strange.
You feel less energetic.
Your toenails lengthen and sharpen.
You die...

#.....##....#
#............#
#.....+.....#
#............#
#.....####'##
#............#
#.....##.#.##
###..###....##
#.....##....####.)##
#.####
########.##y.y##[##
#.# ###'###...÷.#
#.# #........[#.#
#.#
#.....y.†@#.#####.#
#.........#[......#
#......o..#.#######
#.......<...#
#.........###
#..........#
#..........#
#.........##
#.........#


You could see 3 killer bees and an orc (fleeing).

Vanquished Creatures
  Edmund (D:5)
  A phantom (D:4)
  A scorpion (D:4)
  A bullfrog (D:5)
  A necrophage (D:4)
  A killer bee (D:5)
  5 orc priests
  2 hounds (D:5)
  Crazy Yiuf (D:3)
  Terence (D:3)
  7 gnolls
  6 adders
  A white imp (D:5)
  An ufetubus (D:5)
  A worm (D:2)
  A dart slug (D:4)
  9 orcs
  5 ball pythons
  5 bats
  5 endoplasms
  3 giant cockroaches
  8 goblins
  11 hobgoblins
  5 jackals
  2 quokkas
  4 frilled lizards
  10 kobolds
  3 rats
102 creatures vanquished.

Notes
Turn   | Place    | Note
-------+----------+-------------------------------------------
     0 | D:1      | zeram the Troll Fighter began the quest for the Orb.
     0 | D:1      | Reached XP level 1. HP: 22/22 MP: 0/0
   186 | D:1      | Reached XP level 2. HP: 29/29 MP: 1/1
   496 | D:1      | Reached skill level 2 in Maces & Flails
   958 | D:2      | Reached XP level 3. HP: 36/36 MP: 2/2
  1039 | D:2      | Found Ceddiysy's Weapon Shoppe.
  1789 | D:3      | Noticed Terence
  1797 | D:3      | Killed Terence
  1798 | D:3      | Reached skill level 1 in Spellcasting
  1798 | D:3      | Reached XP level 4. HP: 40/44 MP: 4/4
  2262 | D:3      | Reached skill level 3 in Maces & Flails
  2268 | D:3      | Reached XP level 5. HP: 19/53 MP: 5/5
  2644 | D:3      | Found a runed translucent door.
  2645 | D:3      | Noticed Crazy Yiuf
  2739 | D:3      | Killed Crazy Yiuf
  2969 | D:4      | Noticed a phantom
  2976 | D:4      | Killed a phantom
  2977 | D:4      | Reached XP level 6. HP: 57/61 MP: 7/7
  2997 | D:4      | Reached skill level 4 in Maces & Flails
  3275 | D:4      | Reached XP level 7. HP: 67/67 MP: 8/8
  3546 | D:5      | Entered Level 5 of the Dungeon
  3608 | D:5      | Reached skill level 5 in Maces & Flails
  3775 | D:5      | Noticed Edmund
  3781 | D:5      | Killed Edmund
  4020 | D:6      | Noticed Duvessa
  4022 | D:6      | Noticed Dowan
  4061 | D:5      | HP: 2/68 [poisoned by a killer bee]
  4062 | D:5      | Gained mutation: Your magical capacity is low. (-10% MP)
                  | [potion of mutation]
  4062 | D:5      | Gained mutation: You have sharp toenails. [potion of
                  | mutation]
  4062 | D:5      | Succumbed to a killer bee's poison

Illustrated notes

Levels and vault maps discovered:
D:1:      elethiomel_arrival_maze, layout_basic
D:2:      layout_loops_ring, serial_shops, shop
D:3:      layout_loops_corners, minmay_goblin_kobold_house,
          uniq_crazy_yiuf_cottage, uniq_terence
D:4:      layout_gridville, kennysheep_small_circle
D:5:      layout_basic, uniq_edmund
D:6:      layout_rooms, gup_sewer_entry_bowl, nicolae_kite_square_tiling_tiny,
          uniq_blork_the_orc, uniq_grinder, uniq_duvessa, uniq_eustachio

Skill      XL: |  1  2  3  4  5  6  7 |
---------------+----------------------+-----
Maces & Flails | 2 3 4 5 |  5.7
Dodging        | 3 |  3.9
Spellcasting   | 1 2 |  2.3
Fighting       | 3 |  3.8
Shields        | |  2.6

Action                   |  1- 3 |  4- 6 |  7- 9 || total
-------------------------+-------+-------+-------++-------
Melee: Flail             |   134 |    86 |    36 ||   256
  Use: Scroll            |    12 |     1 |     5 ||    18
       Potion            |       |     1 |     2 ||     3
 Stab: Sleeping          |     1 |       |       ||     1
Armor: Robe              |    59 |    23 |    13 ||    95
Dodge: Dodged            |    50 |    36 |    43 ||   129
Block: Kite shield       |    67 |    38 |    28 ||   133
